 Dungeon Crawl Stone Soup version 0.30.0-16-gbe6223bb7e (webtiles) character file.

Game seed: 8816760746396350698

81 Sabo the Covered (level 4, -6/24 HPs)
             Began as a Vine Stalker Fighter on May 20, 2023.
             Killed by divine providence
             ... invoked by an orc priest
              (14 damage)
             ... on level 3 of the Dungeon.
             The game lasted 00:11:33 (2296 turns).

Sabo the Covered (Vine Stalker Fighter)             Turns: 2296, Time: 00:11:34

Health: -6/24      AC:  9    Str: 20    XL:     4   Next: 40%
Magic:  0/5        EV:  5    Int:  8    God:
Gold:   72         SH:  0    Dex: 14    Spells: 3/3 levels left

rFire   . . .        p - +0 lajatang
rCold   . . .        (shield currently unavailable)
rNeg    . . .        f - +0 chain mail
rPois   .            (no helmet)
rElec   .            (no cloak)
rCorr   .            (no gloves)
SInv    .            (no boots)
Will    .....        (no amulet) Stlth
                     (no ring)
HPRegen 1.04/turn    (no ring)
MPRegen 0.09/turn

%: guardian spirit
@: grasped by roots, constricted
A: fangs 2, regeneration 1, magic shield, antimagic bite, no potion heal 2
a: no special abilities


You were on level 3 of the Dungeon.
You visited 1 branch of the dungeon, and saw 3 of its levels.

You collected 72 gold pieces.

Inventory:

Hand Weapons
 a - a +0 war axe
 p - a +0 lajatang (weapon)
 r - a +0 sling
Missiles
 j - a throwing net (quivered)
Armour
 c - a +0 buckler
 f - a +0 chain mail (worn)
 k - an orb of wrath
Scrolls
 b - 2 scrolls of enchant armour
 e - a scroll of magic mapping
 m - a scroll of noise {unknown}
 o - a scroll of teleportation {unknown}
 q - a scroll of fear {unknown}
 s - a scroll of amnesia {unknown}
Potions
 d - a potion of might
 h - a potion of mutation {unknown}
 i - 2 potions of flight
 l - a potion of haste {unknown}
 n - a potion of invisibility {unknown}


   Skills:
 + Level 3.0 Fighting
 + Level 2.8 Axes
 + Level 3.1 Armour
 + Level 0.1 Dodging
 + Level 0.1 Stealth
 + Level 3.0 Shields


You had 3 spell levels left.
You didn't know any spells.
Your spell library contained the following spells:

 Spells                   Type           Power      Damage    Failure   Level
 Blink                    Tloc           0%         N/A       99%         2
 Lesser Beckoning         Tloc           0%         N/A       99%         2
 Momentum Strike          Conj/Tloc      0%         3d8       99%         2


Dungeon Overview and Level Annotations

Branches:
Dungeon (3/15)

Altars:

Annotations:
D:3 Ijyb


Innate Abilities, Weirdness & Mutations

You have extremely sharp teeth.
Your natural rate of healing is unusually fast.
When hurt, damage is shared between your health and your magic reserves.
Your bite disrupts and absorbs the magic of your enemies.
Potions cannot restore your health.


Message History

Ijyb the Twisted Goblin comes into view.
She is wielding a +0 club, wearing a +2 ring mail of poison resistance and carrying a wand of roots (8).
Ijyb shouts!
You slash the hobgoblin!
You kill the hobgoblin!
An orc comes into view. It is wielding a +0 hand axe.
Ijyb zaps a wand.
The roots erupt in riotous growth!
The grasping roots grab you! The grasping roots constrict you.
You hear a shout! x2
You escape the roots grasp.
An orc comes into view. It is wielding a +0 club.
The orc shouts!
You hear a shout!
An orc wizard comes into view. It is wielding a +0 dagger.
An endoplasm comes into view.
The orc barely misses you.
An orc priest comes into view. It is wielding a +0 whip.
You barely miss the orc. The orc hits you with a +0 hand axe.
The orc barely misses you.
You slash the orc!
You kill the orc!
Ijyb zaps a wand.
The roots erupt in riotous growth!
The grasping roots grab you! The grasping roots constrict you.
You escape the roots grasp.
Ijyb zaps a wand.
The roots erupt in riotous growth!
The grasping roots grab you!
The endoplasm is unaffected.
The grasping roots constrict you. The endoplasm closely misses you.
You see here a +0 hand axe.
You slash the endoplasm!
You kill the endoplasm!
A goblin comes into view. It is wielding a +0 club.
The orc wizard barely misses you. The orc barely misses you.
The grasping roots constrict you. The orc hits you with a +0 club.
The orc wizard hits you but does no damage.
The grasping roots constrict you.
The orc priest calls down the wrath of Beogh upon you.
Beogh smites you!
Ouch! That really hurt!
You die...

..... #.#≈#.#≈#......
........##..#...#.......
........#.#...#...#.....
.........#≈#.#≈#.#≈#....
..........#.†.#...#.....
........#...#...#...#.
.......#≈#.#≈#.#≈#.#≈
.g....o.#...#§..#...#.
......o@g§#...#.§.#..
......o..#§#.#≈#.#≈ ..
....$...#§#...#=..#.#.
........##..#...#.. #
##########.#§#.#≈#..
.#...#. ######


You could see Ijyb, an orc priest, an orc wizard, an orc and a goblin.

Vanquished Creatures
  3 adders (D:2)
  A worm (D:2)
  A dart slug (D:2)
  An orc (D:3)
  6 ball pythons
  5 endoplasms
  A giant cockroach (D:1)
  5 hobgoblins
  2 quokkas (D:1)
  6 bats
  3 frilled lizards
  5 goblins
  5 kobolds
  7 rats
51 creatures vanquished.

Notes
Turn   | Place    | Note
-------+----------+-------------------------------------------
     0 | D:1      | Sabo the Vine Stalker Fighter began the quest for the Orb.
     0 | D:1      | Reached XP level 1. HP: 11/11 MP: 2/2
    74 | D:1      | Reached XP level 2. HP: 16/16 MP: 3/3
   965 | D:1      | Reached XP level 3. HP: 14/19 MP: 4/4
  1790 | D:2      | Found a faded altar of an unknown god.
  1933 | D:2      | Gained mutation: Your natural rate of healing is unusually
                  | fast. [Vine Stalker growth]
  1933 | D:2      | Reached XP level 4. HP: 24/24 MP: 5/5
  2286 | D:3      | Noticed Ijyb
  2296 | D:3      | Killed from afar by an orc priest

Illustrated notes

Levels and vault maps discovered:
D:1:      dpeg_arrival_solitude, layout_basic, roderic_lattice_a, nicolae_titane
D:2:      layout_loops_corners, hellmonk_ecumenical_altar_prayer_group,
          minmay_tetromino_o2
D:3:      layout_basic, kennysheep_doodads, uniq_ijyb, uniq_jessica

Skill      XL: |  1  2  3 |
---------------+----------+-----
Axes           | 2 |  2.8
Fighting       | 3 |  3.0
Shields        | 3 |  3.0
Armour         | 3 |  3.1
Dodging        | |  0.1
Stealth        | |  0.1

Action                     |  1- 3 |  4- 6 || total
---------------------------+-------+-------++-------
  Melee: War axe           |    80 |       ||    80
         Bite              |    21 |     3 ||    24
         Lajatang          |    19 |    15 ||    34
    Use: Scroll            |     4 |     1 ||     5
 Armour: Scale mail        |     4 |       ||     4
         Chain mail        |    66 |    12 ||    78
  Dodge: Dodged            |    38 |     9 ||    47
  Block: Buckler           |    22 |       ||    22
